 Dungeon Crawl Stone Soup version 0.21.1-1-g345015f (webtiles) character file.

2431 nicolaieve the Cleaver (level 9, -5/117 HPs)
             Began as a Minotaur Berserker on July 11, 2018.
             Was a High Priest of Trog.
             Slain by an orc warrior
             ... wielding a +0 glaive
              (9 damage)
             ... on level 7 of the Dungeon.
             The game lasted 00:18:37 (4489 turns).

nicolaieve the Cleaver (Minotaur Berserker)         Turns: 4489, Time: 00:18:37

Health: -5/117     AC: 14    Str: 29    XL:     9   Next: 24%
Magic:  8/8        EV:  9    Int:  4    God:    Trog [*****.]
Gold:   314        SH:  0    Dex: 11    Spells: 8/8 levels left

rFire    . . .     SeeInvis .   a - +0 hand axe
rCold    + . .     Gourm    .   (no shield)
rNeg     . . .     Faith    +   b - +0 plate armour
rPois    .         Spirit   .   (helmet restricted)
rElec    .         Reflect  .   (no cloak)
rCorr    +         Harm     .   q - +0 pair of gloves
MR       .....                  (no boots)
Stlth    ..........             h - amulet of faith
HPRegen  0.29/turn              y - ring of protection from cold
MPRegen  0.11/turn              z - ring of resist corrosion

@: berserking, very quick
A: retaliatory headbutt, horns 2
a: Berserk, Trog's Hand, Brothers in Arms, Burn Spellbooks, Renounce Religion


You were on level 7 of the Dungeon.
You worshipped Trog.
Trog was extremely pleased with you.
You were very hungry.

You visited 1 branch of the dungeon, and saw 7 of its levels.
You also visited: Sewer.

You collected 314 gold pieces.

Inventory:

Hand Weapons
 a - a +0 hand axe (weapon)
 B - a cursed -3 battleaxe
Armour
 b - a +0 plate armour (worn)
 q - a +0 pair of gloves (worn)
Jewellery
 h - an amulet of faith (around neck)
 y - a ring of protection from cold (left hand)
 z - a ring of resist corrosion (right hand)
 C - an uncursed ring of flight {unknown}
Wands
 i - a wand of disintegration (10)
 x - a wand of iceblast (7)
Scrolls
 e - a scroll of enchant armour {unknown}
 g - 7 scrolls of identify {unknown}
 l - a scroll of enchant weapon {unknown}
 m - 8 scrolls of teleportation {unknown}
 n - 2 scrolls of fog {unknown}
 p - 4 scrolls of blinking {unknown}
 r - 5 scrolls of remove curse {unknown}
 s - 3 scrolls of fear {unknown}
 v - a scroll of amnesia {unknown}
 G - 2 scrolls of magic mapping {unknown}
Potions
 d - a potion of agility {unknown}
 f - 3 potions of magic {unknown}
 j - a potion of resistance {unknown}
 k - a potion of flight {unknown}
 o - 2 potions of ambrosia {unknown}
 t - a potion of heal wounds {unknown}
 u - 2 potions of brilliance {unknown}
 w - 2 potions of curing {unknown}
 A - a potion of invisibility {unknown}
 D - a potion of degeneration {unknown}
 F - a potion of might {unknown}
Books
 E - a book of Maledictions

   Spells                             Type                      Level
   a - Corona                         Hexes                        1
   b - Ensorcelled Hibernation        Hexes/Ice                    2
   c - Confuse                        Hexes                        3
   d - Tukima's Dance                 Hexes                        3
   e - Dazzling Spray                 Conjuration/Hexes            3
   Trog disapproves of the use of such an item.
Comestibles
 c - 14 rations
 H - 8 chunks of flesh


   Skills:
 + Level 6.5 Fighting
 * Level 12.2 Axes
 + Level 6.4 Armour
 + Level 3.9 Dodging


You had 8 spell levels left.
You didn't know any spells.

Dungeon Overview and Level Annotations

Branches:
Dungeon (7/15)             Temple (0/1) D:7

Altars:
Cheibriados
Hepliaklqana
Wu Jian
Zin


Innate Abilities, Weirdness & Mutations

You reflexively headbutt those who attack you in melee.
You have a pair of horns on your head.


Message History

You headbutt the orc warrior, but do no damage.
The orc warrior is moderately wounded.
The orc warrior hits you with a glaive.
* * * LOW HITPOINT WARNING * * *
You hit the orc warrior.
The orc warrior is moderately wounded.
You closely miss the orc warrior. You headbutt the orc warrior.
The orc warrior is heavily wounded.
You hit the orc warrior.
You headbutt the orc warrior, but do no damage.
The orc warrior is severely wounded.
The orc warrior hits you with a glaive!
* * * LOW HITPOINT WARNING * * *
You hit the orc warrior.
The orc warrior is severely wounded.
You barely miss the orc warrior. You headbutt the orc warrior.
The orc warrior is almost dead.
Unknown command.
The orc warrior hits you from afar with a glaive!
You die...

### #.....)).#. ..#
#.###.##รท.. #.# #.#
#.##.## #.# #.#
#.##... #o# #.#
#...... #o# #.#
####.#. #o######.#
#.##
#)##.....######.##
#@##.###........##
#.##.###.#########
#.....##.# ##.## ##
#...#..##.#####.>.# .+
+.....................
##
####...#..##.#####...#
##.##.....###......
#.........##.#####
#.###.###.##.#


You could see an orc warrior, an orc priest and an orc.

Vanquished Creatures
  The ghost of flestrin the Slinger, a novice HaHu of Okawaru (D:6)
  Menkaure (D:7)
  3 orc warriors
  Purgy (Sewer)
  An ogre (D:7)
  A centaur (D:6)
  2 bullfrogs (D:7)
  3 scorpions
  4 killer bees (D:5)
  2 crimson imps
  7 orc priests
  A jelly (D:7)
  2 hounds (D:5)
  6 orc wizards
  5 worker ants
  2 hound skeletons
  3 gnolls (D:5)
  A howler monkey skeleton (D:7)
  8 adders
  3 river rats (D:4)
  A shadow imp (D:6)
  An adder zombie (D:5)
  An ooze (D:3)
  2 worms
  2 dart slugs
  6 leopard geckos
  25 orcs
  4 ball pythons
  7 giant cockroaches
  9 goblins
  8 hobgoblins
  8 jackals
  2 quokkas
  5 bats
  11 frilled lizards
  2 jackal skeletons (D:4)
  5 kobolds
  9 rats
165 creatures vanquished.

Notes
Turn   | Place    | Note
-------+----------+-------------------------------------------
     0 | D:1      | nicolaieve the Minotaur Berserker began the quest for the Orb.
     0 | D:1      | Reached XP level 1. HP: 19/19 MP: 0/0
   231 | D:1      | Reached skill level 4 in Axes
   294 | D:1      | Reached XP level 2. HP: 21/27 MP: 1/1
   720 | D:2      | Reached XP level 3. HP: 25/33 MP: 2/2
   806 | D:2      | Reached ** piety under Trog
  1590 | D:3      | Reached skill level 5 in Axes
  1590 | D:3      | Reached XP level 4. HP: 7/41 MP: 3/3
  1689 | D:3      | Reached XP level 5. HP: 46/47 MP: 4/4
  1748 | D:3      | Reached skill level 6 in Axes
  2069 | D:4      | Reached *** piety under Trog
  2069 | D:4      | Reached XP level 6. HP: 50/55 MP: 5/5
  2133 | D:4      | Reached skill level 7 in Axes
  2141 | D:4      | Found a glowing drain.
  2145 | D:4      | Reached skill level 5 in Fighting
  2180 | Sewer    | Entered a sewer
  2227 | Sewer    | Noticed Purgy
  2235 | Sewer    | Killed Purgy
  2235 | Sewer    | Reached XP level 7. HP: 61/61 MP: 6/6
  2287 | Sewer    | Reached skill level 8 in Axes
  2643 | D:4      | Found a snail-covered altar of Cheibriados.
  2651 | D:4      | Found an ornate altar of the Wu Jian Council.
  2665 | D:4      | Found a glowing silver altar of Zin.
  2668 | D:4      | Found a hazy altar of Hepliaklqana.
  2798 | D:4      | Reached **** piety under Trog
  2967 | D:5      | Entered Level 5 of the Dungeon
  3008 | D:5      | Reached skill level 9 in Axes
  3423 | D:6      | Reached XP level 8. HP: 53/70 MP: 7/7
  3429 | D:6      | Noticed flestrin's ghost (novice HaHu)
  3488 | D:6      | Reached skill level 10 in Axes
  3529 | D:6      | Killed flestrin's ghost
  3529 | D:6      | Reached skill level 5 in Armour
  3604 | D:6      | Reached skill level 11 in Axes
  4109 | D:7      | Reached XP level 9. HP: 71/77 MP: 8/8
  4155 | D:7      | Noticed Menkaure
  4162 | D:7      | Killed Menkaure
  4270 | D:7      | Reached ***** piety under Trog
  4278 | D:7      | Found a staircase to the Ecumenical Temple.
  4404 | D:7      | Reached skill level 12 in Axes
  4486 | D:7      | HP: 4/117 [orc warrior/glaive (16)]
  4489 | D:7      | Slain by an orc warrior

Skill      XL: |  1  2  3  4  5  6  7  8  9 |
---------------+----------------------------+-----
Axes           | 4 5 6 7 9 11 12 | 12.2
Fighting       | 4 5 6 |  6.5
Dodging        | 3 |  3.9
Armour         | 3 4 6 |  6.4

Action                   |  1- 3 |  4- 6 |  7- 9 || total
-------------------------+-------+-------+-------++-------
Melee: Hand axe          |    82 |    99 |   250 ||   431
       Headbutt          |     8 |    21 |    47 ||    76
Invok: Trog's Hand       |     1 |     1 |     2 ||     4
       Berserk           |     1 |     2 |     5 ||     8
  Eat: Chunk             |     2 |     5 |    12 ||    19
Armor: Animal skin       |    10 |       |       ||    10
       Ring mail         |     7 |     1 |       ||     8
       Plate armour      |       |    51 |   119 ||   170
Dodge: Dodged            |    72 |    49 |    86 ||   207
